 Dungeon Crawl Stone Soup version 0.27.1-1-g398f81649c (webtiles) character file.

Game seed: 11121808331268691501

45 pokedragonboy the Chopper (level 3, -1/33 HPs)
             Began as a Hill Orc Monk on Sept 12, 2021.
             Slain by an orc wizard (3 damage)
             ... on level 3 of the Dungeon.
             The game lasted 00:03:55 (1996 turns).

pokedragonboy the Chopper (Hill Orc Monk)           Turns: 1996, Time: 00:03:56

Health: -1/33      AC:  4    Str: 11 (14) XL:     3   Next: 64%
Magic:  4/4        EV: 11    Int:  7 (10) God:
Gold:   76         SH:  0    Dex: 10 (13) Spells: 2/2 levels left

rFire    . . .     SeeInvis .   a - +0 hand axe
rCold    . . .     Faith    .   (no shield)
rNeg     . . .     Spirit   .   d - +0 leather armour
rPois    .         Reflect  .   c - +0 helmet
rElec    .         Harm     .   (no cloak)
rCorr    .         Rampage  .   (no gloves)
Will     .....                  (no boots)
Stlth    +.........             (no amulet)
HPRegen  0.11/turn              (no ring)
MPRegen  0.09/turn              (no ring)

@: on berserk cooldown, hasted and slowed
A: no striking features
a: no special abilities


You were on level 3 of the Dungeon.
You visited 1 branch of the dungeon, and saw 3 of its levels.

You collected 76 gold pieces.

Inventory:

Hand Weapons
 a - a +0 hand axe (weapon)
 j - a +0 executioner's axe
Armour
 c - a +0 helmet (worn)
 d - a +0 leather armour (worn)
Scrolls
 b - a scroll of vulnerability {unknown}
 i - a scroll of fog {unknown}
Potions
 h - a potion of flight {unknown}
 k - a potion of heal wounds {unknown}
 l - a potion of cancellation {unknown}


   Skills:
 + Level 4.0 Fighting
 * Level 4.9 Axes
 + Level 1.3 Armour
 - Level 2.4 Dodging
 - Level 1.5 Stealth
 + Level 1.6 Invocations


You had 2 spell levels left.
You didn't know any spells.
Your spell library contained the following spells:

 Spells                   Type           Power      Damage    Failure   Level
 Dazzling Flash           Conj/Hex       0%         N/A       88%         3
 Iskenderun's Mystic Bla  Conj/Tloc      0%         2d3       99%         4
 Starburst                Conj/Fire      0%         6d3       100%        6


Dungeon Overview and Level Annotations

Branches:
Dungeon (3/15)

Altars:


Message History

You feel yourself moving faster!
You feel mighty!
A magic dart appears from out of thin air!
The magic dart hits you.
You bump into the rock wall.
You feel a strong urge to attack something.
You bump into the rock wall.
You bump into the rock wall.
You feel your anger nearly subside.
You are no longer berserk.
You are exhausted.
You feel yourself slow down.
You hear some strange, mumbled words.
Something tries to affect you, but you resist.
You bump into the rock wall.
Something hits you.
You feel less confused. The orc closely misses you. Something hits you.
You hit something but do no damage. You closely miss the orc.
The orc hits you with a +0 mace. Something hits you. x2
The orc hits you but does no damage.
You closely miss something. You hit the orc.
The orc hits you but does no damage. Something hits you.
Something hits you but does no damage. The orc hits you with a +0 mace.
You hit something but do no damage. You barely miss the orc.
The orc barely misses you. Something barely misses you.
You feel yourself speed up. The orc completely misses you.
Something hits you but does no damage. The orc hits you with a +0 mace.
Something hits you.
You completely miss something. You closely miss the orc. Something hits you.
* * * LOW HITPOINT WARNING * * *
The orc closely misses you.
You closely miss something. You hit the orc but do no damage.
The orc hits you but does no damage. Something completely misses you.
You hit something. You hit the orc but do no damage.
The orc hits you with a +0 mace.
* * * LOW HITPOINT WARNING * * *
Something hits you but does no damage.
It was a potion of degeneration.
There was something very wrong with that liquid.
You feel weakened.
You feel dopey.
You feel clumsy. Something hits you.
You die...

.......<..#
#######...# ##.##
#>#### #....#
####.# ##.#.#
###....#########.
+.....[.@oo.......
####....##########
##.#.# ###.. ...
... #.... ##.


You could see 2 orcs.

Vanquished Creatures
  A gnoll (D:1)
  A dart slug (D:2)
  2 orcs (D:3)
  3 endoplasms
  4 giant cockroaches
  3 hobgoblins
  3 kobolds
  A quokka (D:1)
  2 bats (D:1)
  5 frilled lizards (D:1)
  3 goblins (D:1)
  2 rats
30 creatures vanquished.

Vanquished Creatures (others)
  A fungus (D:2)
  3 plants (D:2)
4 creatures vanquished.

Grand Total: 34 creatures vanquished

Notes
Turn   | Place    | Note
-------+----------+-------------------------------------------
     0 | D:1      | pokedragonboy the Hill Orc Monk began the quest for the
                  | Orb.
     0 | D:1      | Reached XP level 1. HP: 19/19 MP: 1/1
   416 | D:1      | Reached XP level 2. HP: 27/27 MP: 2/2
   501 | D:1      | Reached skill level 1 in Invocations
   783 | D:1      | Reached skill level 1 in Armour
   783 | D:1      | Reached XP level 3. HP: 7/33 MP: 2/4
  1799 | D:2      | Found a faded altar of an unknown god.
  1996 | D:3      | Slain by an orc wizard

Illustrated notes

Levels and vault maps discovered:
D:1:      eino_arrival_cavern_e, layout_basic, chequers_serial_rivers_large_b,
          palyth_stone_intersect, bh_walls_and_bars
D:2:      layout_basic, shapermc_ecumenical_altar_hornbeckon
D:3:      gammafunk_wand_slinger, layout_loops_corners, grunt_decor_one_mirror,
          kennysheep_generic_room_13

Skill      XL: |  1  2  3 |
---------------+----------+-----
Invocations    | 1 |  1.6
Armour         | 1 |  1.3
Fighting       | 4 |  4.0
Axes           | |  4.9
Dodging        | |  2.4
Stealth        | |  1.5

Action                   || total
-------------------------++-------
Melee: Hand axe          ||   103
  Use: Potion            ||     3
       Scroll            ||     2
 Stab: Sleeping          ||     3
Armor: Leather armour    ||    29
       Robe              ||     1
Dodge: Dodged            ||    63
